 Dungeon Crawl Stone Soup version 0.31-a0-978-g1e143483b6 (webtiles) character file.

Game seed: 1042934735198120651

50 javelincjr the Changeling (level 3, -4/26 HPs)
             Began as a Demonspawn Shapeshifter on Oct 30, 2023.
             Slain by a worm (8 damage)
             ... on level 2 of the Dungeon.
             The game lasted 00:02:48 (1209 turns).

javelincjr the Changeling (Demonspawn Shapeshifter) Turns: 1209, Time: 00:02:48

Health: -4/26      AC:  5    Str: 16    XL:     3   Next: 55%
Magic:  3/3        EV: 11    Int: 11    God:
Gold:   98         SH:  0    Dex: 12    Spells: 2/2 levels left

rFire   . .          .
                       - Unarmed
rCold   . . .        (no shield)
rNeg    . . .        m - +0 ring mail
rPois   .            (helmet currently unavailable)
rElec   .            (cloak currently unavailable)
rCorr   .            (gloves currently unavailable)
SInv    .            (boots currently unavailable)
Will    +....        (no amulet)
Stlth   +            i - ring of willpower
HPRegen 0.24/turn    (no ring)
MPRegen 0.08/turn

%: no passive effects
@: beast-form
A: beast (slay +2), hooves 1
a: Begin Untransformation


You were on level 2 of the Dungeon.
You were a hulking beast.
You visited 1 branch of the dungeon, and saw 2 of its levels.

You collected 98 gold pieces.

Inventory:

Missiles
 e - 5 javelins
Armour
 a - a +0 animal skin
 m - a +0 ring mail (worn)
Jewellery
 i - a ring of willpower (left hand)
Talismans
 c - a beast talisman
 d - a flux talisman
Scrolls
 f - 3 scrolls of amnesia {unknown}
 g - 2 scrolls of enchant armour {unknown}
 h - 3 scrolls of noise {unknown}
 k - a scroll of fog {unknown}
Potions
 b - a potion of lignification


   Skills:
 - Level 1.1 Fighting
 - Level 1.8 Dodging
 - Level 2.7 Unarmed Combat
 + Level 3.9 Shapeshifting


You had 2 spell levels left.
You didn't know any spells.
Your spell library was empty.

Dungeon Overview and Level Annotations

Branches:
Dungeon (2/15)

Altars:


Innate Abilities, Weirdness & Mutations

You are a hulking beast.
Your limbs bulge with bestial killing power. (Slay +2)
You have large cloven feet.


Message History

The adder bites you but does no damage.
It was a potion of invisibility.
You fade into invisibility!
You feel sick. The adder misses you.
You feel sick.
You are no longer poisoned.
It was a potion of cancellation.
Your magical effects are unravelling.
You feel magically purged.
You flicker back into view.
The adder misses you. The adder bites you but does no damage.
You miss the adder. Your kick misses the adder.
The adder is moderately wounded.
The adder bites you but does no damage.
You hit the adder. Your kick misses the adder.
The adder is heavily wounded.
The adder bites you.
You are poisoned.
The adder poisons you!
You hit the adder.
The adder is severely wounded.
You feel sick. The adder bites you but does no damage.
You closely miss the adder.
The adder is severely wounded.
You feel sick. The adder closely misses you.
The adder bites you but does no damage.
You miss the adder. Your kick misses the adder.
The adder is severely wounded.
You feel sick. The adder bites you but does no damage.
You closely miss the adder. You kick the adder.
The adder is almost dead.
You feel sick. The adder barely misses you.
You hit the adder.
You kill the adder!
You feel sick.
You are no longer poisoned.
The worm closely misses you.
You see here an adder corpse.
You completely miss the worm. The worm bites you!
You die...

#.## ...
..# ..#
#.# #.#
#w# #h# #
#.#.#
#.####.#.#
.
#........#
.
######.###
. #.# . #
#.# ....#
#.# ....#
#.#


You could see a worm.

Vanquished Creatures
  An adder (D:2)
  A dart slug (D:2)
  5 endoplasms (D:1)
  2 giant cockroaches (D:1)
  4 hobgoblins
  3 quokkas
  5 ball pythons (D:1)
  3 bats
  2 frilled lizards
  6 kobolds
  3 rats (D:1)
35 creatures vanquished.

Notes
Turn   | Place    | Note
-------+----------+-------------------------------------------
     0 | D:1      | javelincjr the Demonspawn Shapeshifter began the quest for
                  | the Orb.
     0 | D:1      | Reached XP level 1. HP: 15/15 MP: 1/1
   139 | D:1      | Reached skill level 3 in Shapeshifting
   200 | D:1      | Discovered your monstrous ancestry.
   200 | D:1      | Gained mutation: You have large cloven feet. [demonic
                  | ancestry]
   200 | D:1      | Reached XP level 2. HP: 16/21 MP: 2/2
   932 | D:2      | Reached XP level 3. HP: 19/26 MP: 3/3
  1209 | D:2      | Slain by a worm

Illustrated notes

Levels and vault maps discovered:
D:1:      ldierk_walled_garden_2, layout_basic, minmay_misc_feat_enclosed
D:2:      layout_basic, dreamdust_wishing_well, minmay_misc_feat_diagonals,
          kennysheep_generic_room_4, uniq_jessica

Skill      XL: |  1 |
---------------+----+-----
Shapeshifting  | 3 |  3.9
Fighting       | |  1.1
Dodging        | |  1.8
Unarmed Combat | |  2.7

Action                     || total
---------------------------++-------
  Melee: Unarmed           ||   101
         Kick              ||    12
         Punch             ||     2
    Use: Potion            ||     2
   Stab: Sleeping          ||     1
 Armour: Animal skin       ||    27
         Ring mail         ||    23
  Dodge: Dodged            ||    42

Table legend: (Time is in decaauts)
 A = Elapsed time spent in this place.
 B = Non-inter-level travel time spent in this place.
 C = Inter-level travel time spent in this place.
 D = Time resting spent in this place.
 E = Time spent auto-exploring this place.
 F = Levels seen in this place.
 G = Mean time per level.
                   A        B        C        D        E       F      G
               +--------+--------+--------+--------+--------+-----+--------+
         Total |   1203 |   1191 |     12 |      0 |    967 |   2 |  601.5 |
       Dungeon |   1203 |   1191 |     12 |      0 |    967 |   2 |  601.5 |
               +--------+--------+--------+--------+--------+-----+--------+

Top non-repeatable levels by time:
     D:1: 901 daAuts
     D:2: 301 daAuts
